cohdb
Replays
Latest Replays
All Replays
Popular Replays
Top Player Replays
Match Explorer
How It Works
Community
CoH3 Stats
Reddit
Sign in to upload your games and track your stats! →
Sign in with Steam
Match 43544153
Unlisted
Match 43544153
Overview
Messages
Build Orders
End
Selects Special Operations Battlegroup
Selects M29 Weasel Recon Vehicle
M29 Weasel Recon Vehicle
Construct Barracks
Riflemen Squad
Riflemen Squad
Riflemen Squad
Mechanized Support Center
Selects Raiding Flares
M1918 Browning Automatic Rifles
Riflemen Squad
Grenade Package
Engineer Squad
Selects SSF Commando Squad
SSF Commando Squad
SSF Commando Squad
Construct Tank Depot
SSF Commando Squad
SSF Commando Squad
M4A1 Sherman Medium Tank
Selects Air Re-supply Operation
Selects P-47 Anti-Infantry Loiter
Selects UNKNOWN (2162291)
Designate Forward Repair Station
M4A1 76mm Conversion
Bran
DrewP
Badass_Ben
HighPraetorian
0
0
Comments
sign in to comment!
No comments posted yet!